 Dungeon Crawl Stone Soup version 0.17.0-28-g6e173f8 (webtiles) character file.

93 dohliylev the Gusty (level 4, -1/18 HPs)
             Began as a Vine Stalker Air Elementalist on Nov 27, 2015.
             Slain by a quokka (3 damage)
             ... on level 2 of the Dungeon.
             The game lasted 00:13:03 (1684 turns).

dohliylev the Gusty (Vine Stalker Air Elementalist) Turns: 1684, Time: 00:13:03

Health: -1/18      AC: 10    Str:  7 (10) XL:     4   Next: 61%
Magic:  0/9        EV:  2    Int: 14 (16) God:
Gold:   82         SH:  0    Dex: 13 (18) Spells: 1 memorised, 8 levels left

rFire  . . .     SeeInvis .     g - +0 dagger
rCold  . . .     Clarity  .     e - +0 chain mail (curse)
rNeg   . . .     SustAt   .     (no shield)
rPois  .         Gourm    .     (no helmet)
rElec  .         Spirit   +     i - +0 cloak
rCorr  .         Warding  .     j - +0 pair of gloves {Dex+3}
rMut   .         Stasis   .     (no boots)
MR     .....                    (no amulet)
Stlth  ..........               (no ring)
                                (no ring)

@: not resistant to hostile enchantments, extremely unstealthy
A: fangs 2, deterioration 1, frail 1, regeneration 1, magic shield, antimagic
bite, no device heal 3, rot immunity
a: no special abilities


You were on level 2 of the Dungeon.
You were not hungry.

You visited 1 branch of the dungeon, and saw 2 of its levels.

You collected 82 gold pieces.

Inventory:

Hand Weapons
 g - a +0 dagger (weapon)
Armour
 a - a +0 robe
 e - a cursed +0 chain mail (worn)
 i - a +0 cloak (worn)
 j - a +0 pair of gloves of dexterity (worn)
Scrolls
 f - a scroll of teleportation {unknown}
 k - a scroll of identify {unknown}
 m - a scroll of blinking {unknown}
 p - a scroll of enchant weapon {unknown}
Potions
 h - a potion of agility {unknown}
 n - a potion of flight {unknown}
 o - a potion of haste {unknown}
 r - 2 potions of magic {unknown}
Books
 b - a book of Air

   Spells                             Type                      Level
   a - Shock                          Conjuration/Air              1
   b - Swiftness                      Charms/Air                   2
   c - Repel Missiles                 Charms/Air                   2
   d - Static Discharge               Conjuration/Air              3
   e - Lightning Bolt                 Conjuration/Air              5
 q - a book of Spatial Translocations

   Spells                             Type                      Level
   a - Apportation                    Translocation                1
   b - Blink                          Translocation                2
   c - Shroud of Golubria             Charms/Translocation         2
   d - Portal Projectile              Translocation                3
   e - Teleport Other                 Translocation                3
   f - Passage of Golubria            Translocation                4
Comestibles
 c - a bread ration
 d - 2 fruits
 l - 5 chunks of flesh


   Skills:
 - Level 0.1 Fighting
 + Level 0.3 Short Blades
 + Level 2.0 Dodging
 - Level 2.6 Stealth
 * Level 3.1 Spellcasting
 * Level 1.9 Conjurations
 + Level 3.7 Air Magic


You had 8 spell levels left.
You knew the following spells:

 Your Spells              Type           Power        Failure   Level  Hunger
a - Shock                 Conj/Air       ##..         100%        1    #......


Dungeon Overview and Level Annotations

Branches:
Dungeon (2/15)

Altars:


Innate Abilities, Weirdness & Mutations

You have extremely sharp teeth.
Your natural rate of healing is unusually fast.
When hurt, damage is shared between your health and your magic reserves.
Your bite disrupts and absorbs the magic of your enemies.
Potions and wands cannot restore your health.
You are immune to rotting.
Your body sometimes deteriorates upon taking damage.
You are frail (-10% HP).


Message History

The quokka bites you but does no damage.
The quokka bites you but does no damage.
The quokka bites you.
* * * LOW HITPOINT WARNING * * *
The quokka bites you.
* * * LOW HITPOINT WARNING * * *
The quokka bites you but does no damage.
The quokka bites you but does no damage.
The quokka bites you.
* * * LOW HITPOINT WARNING * * *
The quokka bites you but does no damage.
The quokka bites you but does no damage. x2
The quokka bites you but does no damage.
The quokka bites you but does no damage.
The quokka bites you but does no damage.
The quokka bites you.
* * * LOW HITPOINT WARNING * * *
The quokka bites you but does no damage.
The quokka bites you.
You die...

.... .....
###### ......
#....# ....>.#
#.##)# ......#
#.##.# ......#
#.##.# ......#
#.##.# ......#
#.##.###
......#
#@##...#
......#
#...r.####.#
.#.###
########...#
.#.##########
###.###
...##.......#
#....#
#..##.#####.#
#.#.....#
#.>...#
#.#####.#.....#
#######
#.......#.#...#
#########.#...#


You could see a quokka.

Vanquished Creatures
  4 adders (D:2)
  2 worms (D:2)
  A giant gecko (D:2)
  3 giant cockroaches
  5 hobgoblins (D:1)
  6 jackals
  8 bats
  2 giant newts
  5 goblins
  10 kobolds
  8 rats
54 creatures vanquished.

Notes
Turn   | Place    | Note
--------------------------------------------------------------
     0 | D:1      | dohliylev the Vine Stalker Air Elementalist began the quest for the Orb.
     0 | D:1      | Reached XP level 1. HP: 9/9 MP: 4/4
    66 | D:1      | Reached XP level 2. HP: 7/13 MP: 3/6
   589 | D:1      | Gained mutation: Your body sometimes deteriorates upon taking damage. [mutagenic glow]
   640 | D:1      | Reached XP level 3. HP: 13/16 MP: 4/7
  1032 | D:2      | Gained mutation: You are frail (-10% HP). [mutagenic glow]
  1135 | D:2      | Reached XP level 4. HP: 11/18 MP: 9/9
  1684 | D:2      | Slain by a quokka

Action                   |  1- 3 |  4- 6 || total
-------------------------+-------+-------++-------
Melee: Unarmed           |    17 |       ||    17
       Dagger            |   124 |   148 ||   272
 Cast: Shock             |    32 |       ||    32
  Eat: Chunk             |     1 |     3 ||     4
